 Dungeon Sprint DCSS version 0.31-a0-841-g038b102fc3 (webtiles) character file.

Game seed: 18070827953828242989

1009 sircluck the Grappler (level 8, -9/92 HPs)
             Began as a Troll Berserker on Sept 27, 2023.
             Was a Priest of Trog.
             Mangled by a salamander
             ... wielding a +0 glaive
              (20 damage)
             ... in the Dungeon (Sprint VII: "The Pits").
             The game lasted 00:02:58 (292 turns).

sircluck the Grappler (Troll Berserker)              Turns: 292, Time: 00:02:59

Health: -9/92      AC:  4    Str: 28    XL:     8   Next: 1%
Magic:  7/7        EV: 12    Int:  3    God:    Trog [***...]
Gold:   0          SH:  0    Dex:  9    Spells: 7/7 levels left

rFire   . .          .
                       - Unarmed
rCold   . . .        (no shield)
rNeg    . . .        a - +0 animal skin
rPois   .            (helmet restricted)
rElec   .            (no cloak)
rCorr   .            (gloves unavailable)
SInv    .            (boots unavailable)
Will    ++...        (no amulet)
Stlth   +            (no ring)
HPRegen 2.15/turn    (no ring)
MPRegen 0.10/turn

%: no teleportation
@: strong-willed, on berserk cooldown, regenerating, slowed, very slow
A: large, unfitting armour, claws 3, regeneration 1, shaggy fur 1, tough skin 1
a: Renounce Religion, Berserk, Trog's Hand


You were in the Dungeon.
You worshipped Trog.
Trog was most pleased with you.
You visited 1 branch

Inventory:

Armour
 a - a +0 animal skin (worn)
Potions
 b - a potion of curing
 d - a potion of haste
 e - 2 potions of magic
 f - a potion of berserk rage


   Skills:
 + Level 9.0 Fighting
 + Level 8.9 Dodging
 + Level 10.6 Unarmed Combat


You had 7 spell levels left.
You didn't know any spells.
Your spell library was empty.

Dungeon Overview and Level Annotations

Branches:
Dungeon (1/1)

Altars:


Innate Abilities, Weirdness & Mutations

You are too large for most types of armour.
You have claws for hands.
Your natural rate of healing is unusually fast.
You are covered in fur. (AC +1)
You have tough skin. (AC +1)


Message History

The vampire mosquito draws strength from your injuries!
The vampire mosquito bites you but does no damage.
You miss the vampire mosquito. The vampire mosquito bites you.
The vampire mosquito draws strength from your injuries!
The vampire mosquito closely misses you.
The vampire mosquito misses you.
You closely miss the vampire mosquito. The vampire mosquito bites you.
The vampire mosquito draws strength from your injuries!
A salamander comes into view. It is wielding a +0 glaive.
The vampire mosquito bites you.
The vampire mosquito draws strength from your injuries!
You scratch the vampire mosquito. You claw the vampire mosquito!
The vampire mosquito is almost destroyed.
The vampire mosquito closely misses you.
The vampire mosquito bites you but does no damage.
You claw the vampire mosquito!
You destroy the vampire mosquito!
Trog accepts your kill.
The salamander wields a +0 shortbow of flaming.
It bursts into flame!
The salamander shoots an arrow.
The arrow misses you.
Your Fighting skill increases to level 9!
You have reached level 8!
Unknown command.
Okay, then.
Your skin crawls.
You feel strong-willed.
The salamander shoots an arrow.
The arrow hits you!
* * * LOW HITPOINT WARNING * * *
The arrow burns you.
* * * LOW HITPOINT WARNING * * *
The salamander shoots an arrow.
The arrow hits you!
* * * LOW HITPOINT WARNING * * *
The arrow burns you.
* * * LOW HITPOINT WARNING * * *
A naga comes into view. It is wielding a +0 long sword.
The naga shouts!
The naga warrior roars a battlecry!
The nagas go into a battle-frenzy!
The salamander hits you from afar with a +0 glaive!!
You die...

#####++########## #
............##..# .#
..#..#......##..# .#
............''..# ..#
............''..##########N.#
..#..#......##..@NN...N.....#
............##...N.....†....#
#####)'######################
...##''# ...##..# ...##..#
...##..# ...##..# ...##..##


You could see a naga warrior, 2 salamanders and a naga (strong).

Vanquished Creatures
  Sigmund (D)
  A wraith (D)
  3 vampire mosquitoes (D)
  A swamp drake (D)
  An ice beast (D)
  An iguana (D)
8 creatures vanquished.

Vanquished Creatures (others)
  An unseen horror (D)
1 creature vanquished.

Grand Total: 9 creatures vanquished

Notes
Turn   | Place    | Note
-------+----------+-------------------------------------------
     0 | D        | sircluck the Troll Berserker began the quest for the Orb.
     0 | D        | Reached XP level 1. HP: 22/22 MP: 0/0
    12 | D        | Noticed Sigmund
    26 | D        | Noticed a swamp drake
    33 | D        | Killed Sigmund
    34 | D        | Reached skill level 5 in Fighting
    34 | D        | Reached skill level 5 in Dodging
    34 | D        | Reached skill level 6 in Unarmed Combat
    34 | D        | Reached XP level 2. HP: 19/35 MP: 1/1
    34 | D        | Reached XP level 3. HP: 23/42 MP: 2/2
    34 | D        | Reached XP level 4. HP: 27/50 MP: 3/3
    34 | D        | Reached XP level 5. HP: 31/58 MP: 4/4
    44 | D        | Killed a swamp drake
    44 | D        | Reached ** piety under Trog
    45 | D        | Reached skill level 7 in Unarmed Combat
    67 | D        | Killed an unseen horror
    68 | D        | Reached skill level 8 in Unarmed Combat
    68 | D        | Reached XP level 6. HP: 13/71 MP: 5/5
   174 | D        | Noticed a wraith
   195 | D        | Killed a wraith
   196 | D        | Reached skill level 9 in Unarmed Combat
   196 | D        | Reached XP level 7. HP: 79/79 MP: 6/6
   260 | D        | Noticed a vampire mosquito
   260 | D        | Noticed a vampire mosquito
   263 | D        | Noticed a vampire mosquito
   269 | D        | Noticed a naga warrior
   271 | D        | Killed a vampire mosquito
   274 | D        | Killed a vampire mosquito
   275 | D        | Reached skill level 10 in Unarmed Combat
   276 | D        | Reached *** piety under Trog
   281 | D        | Noticed a salamander
   287 | D        | Noticed a salamander
   289 | D        | Killed a vampire mosquito
   290 | D        | Reached XP level 8. HP: 31/92 MP: 7/7
   292 | D        | Mangled by a salamander

Illustrated notes

Levels and vault maps discovered:
D:        pitsprint [storerooms_1, entrance_room_1, metal_vault_3, armoury_1,
          mini_pit_1, grid_room_1, main_hall_1, silver_pit, the_coven_1,
          the_vestibule_1, steel_vault_5, golden_pit, hallway_of_sentries,
          crystal_vault_4, iron_vault_4, final_vault]

Skill      XL: |  1  2  3  4  5  6  7 |
---------------+----------------------+-----
Fighting       | 5 7 9 |  9.0
Dodging        | 5 7 8 |  8.9
Unarmed Combat | 6 8 9 10 | 10.6

Action                     |  1- 3 |  4- 6 |  7- 9 || total
---------------------------+-------+-------+-------++-------
  Melee: Unarmed           |    11 |    14 |    24 ||    49
         Punch             |       |       |     2 ||     2
 Invoke: Berserk           |     1 |     1 |     1 ||     3
         Trog's Hand       |       |       |     1 ||     1
    Use: Scroll            |       |       |     1 ||     1
         Potion            |       |       |     1 ||     1
 Armour: Animal skin       |     5 |    18 |    28 ||    51
  Dodge: Dodged            |     2 |     8 |    12 ||    22

Table legend: (Time is in decaauts)
 A = Elapsed time spent in this place.
 B = Non-inter-level travel time spent in this place.
 C = Inter-level travel time spent in this place.
 D = Time resting spent in this place.
 E = Time spent auto-exploring this place.
 F = Levels seen in this place.
 G = Mean time per level.
                   A        B        C        D        E       F      G
               +--------+--------+--------+--------+--------+-----+--------+
         Total |    305 |    305 |      0 |     99 |     12 |   1 |  305.0 |
       Dungeon |    305 |    305 |      0 |     99 |     12 |   1 |  305.0 |
               +--------+--------+--------+--------+--------+-----+--------+

Top non-repeatable levels by time:
       D: 305 daAuts
